 Dungeon Crawl Stone Soup version 0.31.0 (webtiles) character file.

Game seed: 18326670667929166457

22585 PaiMei the Merchant of Misery (level 12, -13/97 HPs)
             Began as a Demonspawn Necromancer on Jan 19, 2024.
             Was a Believer of Kikubaaqudgha.
             Mangled by a bog body (20 damage)
             ... on level 3 of the Lair of Beasts on Jan 20, 2024.
             The game lasted 00:27:48 (20711 turns).

PaiMei the Merchant of Misery (DsNe)               Turns: 20711, Time: 00:27:49

Health: -13/97     AC:  8    Str:  8    XL:     12   Next: 64%
Magic:  0/26       EV: 25    Int: 19    God:    Kikubaaqudgha [**....]
Gold:   715        SH:  0    Dex: 16    Spells: 18/31 levels left

rFire   x . .        J - +2 scimitar (flame)
rCold   . . .        (no shield)
rNeg    . . .        w - +2 leather armour of Neoxt {rF- Will+++ rCorr Stlth+}
rPois   +            t - +0 helmet
rElec   .            M - +0 cloak
rCorr   +            (no gloves)
SInv    .            u - +0 pair of boots
Will    +++..        g - amulet of the acrobat
Stlth   +++          N - +5 ring of evasion
HPRegen 0.36/turn    I - ring of poison resistance
MPRegen 0.40/turn

%: repel missiles, acrobat, guardian spirit
@: no status effects
A: repulsion field 3, demonic guardian 2, magic shield, magic regeneration
a: Renounce Religion, Unearth Wretches


You were on level 3 of the Lair of Beasts.
You worshipped Kikubaaqudgha.
Kikubaaqudgha was pleased with you.
You visited 3 branches of the dungeon, and saw 12 of its levels.
You also visited: Ossuary and Gauntlet.

You collected 754 gold pieces.
You spent 39 gold pieces at shops.

Inventory:

Hand Weapons
 j - a +4 dagger of speed
 y - a +2 whip of venom
 J - a +2 scimitar of flaming (weapon)
Missiles
 o - 33 poisoned darts (quivered)
 r - 3 curare-tipped darts
 P - 3 atropa-tipped darts
Armour
 t - a +0 helmet (worn)
 u - a +0 pair of boots (worn)
 w - the +2 leather armour of Neoxt (worn) {rF- Will+++ rCorr Stlth+}
   (You found it on level 5 of the Dungeon)

   rF-:       It makes you vulnerable to fire.
   Will+++:   It greatly increases your willpower.
   rCorr:     It protects you from acid and corrosion.
   Stlth+:    It makes you more stealthy.
 L - a +0 buckler
 M - a +0 cloak (worn)
Jewellery
 g - an amulet of the acrobat (around neck)
 E - a ring of see invisible
 I - a ring of poison resistance (right hand)
 N - a +5 ring of evasion (left hand)
 Q - a ring of wizardry
Talismans
 D - the maw talisman "Sibbored" {+Blink rF+ Int+3 Stlth-}
   (You found it on level 6 of the Dungeon)

   [maw talisman]

   Int+3:     It affects your intelligence (+3).
   rF+:       It protects you from fire.
   +Blink:    It lets you blink.
   Stlth-:    It makes you less stealthy.
Wands
 s - a wand of flame (9)
 H - a wand of polymorph (16)
 O - a wand of acid (2)
Scrolls
 a - a scroll of poison {unknown}
 c - a scroll of fog {unknown}
 d - a scroll of enchant weapon {unknown}
 h - 4 scrolls of teleportation {unknown}
 i - 3 scrolls of vulnerability {unknown}
 k - 4 scrolls of fear {unknown}
 m - a scroll of acquirement {unknown}
 p - 2 scrolls of enchant armour {unknown}
 v - a scroll of blinking {unknown}
 x - a scroll of brand weapon {unknown}
 B - 2 scrolls of identify {unknown}
 G - 2 scrolls of noise {unknown}
Potions
 b - a potion of magic
 e - 2 potions of invisibility {unknown}
 f - 8 potions of curing
 l - 3 potions of brilliance {unknown}
 n - 4 potions of haste {unknown}
 q - 2 potions of mutation {unknown}
 z - 3 potions of enlightenment {unknown}
 A - 2 potions of heal wounds {unknown}
 C - 2 potions of lignification {unknown}
 F - a potion of berserk rage {unknown}
 K - 4 potions of might {unknown}
 R - 6 potions of ambrosia


   Skills:
 + Level 10.2 Fighting
 + Level 10.1 Dodging
 - Level 4.0 Stealth
 + Level 10.2 Spellcasting
 + Level 12.6 Necromancy


You had 18 spell levels left.
You knew the following spells:

 Your Spells              Type           Power      Damage    Failure   Level
a - Necrotise             Necr           100%       1d9       1%          1
b - Vampiric Draining     Necr           55%        2d9       1%          3
c - Animate Dead          Necr           55%        N/A       1%          4
d - Curse of Agony        Necr           55%        N/A       1%          5

Your spell library contained the following spells:

 Spells                   Type           Power      Damage    Failure   Level
 Kiss of Death            Conj/Necr      100%       2d13      1%          1
 Sublimation of Blood     Necr           55%        N/A       1%          2
 Fugue of the Fallen      Necr           55%        N/A       1%          3
 Magic Dart               Conj           36%        1d4       11%         1
 Blink                    Tloc           18%        N/A       16%         2
 Lesser Beckoning         Tloc           18%        N/A       16%         2
 Mercury Vapours          Alch/Air       18%        N/A       16%         2
 Momentum Strike          Conj/Tloc      18%        3d8       16%         2
 Searing Ray              Conj           18%        2d5       16%         2
 Mephitic Cloud           Conj/Alch/Air  9%         N/A       32%         3
 Volatile Blastmotes      Fire/Tloc      18%        2d11      32%         3
 Fulminant Prism          Conj/Alch      4%         3d5       71%         4
 Iskenderun's Mystic Bla  Conj/Tloc      9%         2d4       71%         4
 Freezing Cloud           Conj/Ice/Air   4%         6-21      96%         5


Dungeon Overview and Level Annotations

Branches:
Dungeon (8/15)             Temple (1/1) D:7            Lair (3/5) D:8
  Swamp (0/4) Lair:3       Spider (0/4) Lair:2      Ossuary (visited)
Gauntlet (visited)

Altars:
Ashenzari
Cheibriados
Fedhas
Hepliaklqana
Kikubaaqudgha
Makhleb
Okawaru
Qazlal
Ru
Trog
Uskayaw
Vehumet
Wu Jian
Xom
Yredelemnul

Shops:
D:8 *

Annotations:
D:3 Sigmund


Innate Abilities, Weirdness & Mutations

You are surrounded by a strong repulsion field. (EV +4, RMsl)
A demonic guardian rushes to your aid.
When hurt, damage is shared between your health and your magic reserves.
You regenerate magic rapidly.


Message History

Casting: Necrotise (safe; 1% risk of failure)
Confirm with . or Enter, or press ? or * to list all spells.
You can't see any susceptible monsters within range! (Use Z to cast anyway.)
Casting: Necrotise (safe; 1% risk of failure)
Confirm with . or Enter, or press ? or * to list all spells.
You can't see any susceptible monsters within range! (Use Z to cast anyway.)
You closely miss the bog body.
The bog body is heavily damaged.
The bog body points at you and mumbles some strange words.
The bolt of cold is repelled.
You barely miss the bog body.
The bog body is heavily damaged.
The bog body barely misses you.
You slash the bog body! You burn the bog body.
The bog body is severely damaged.
The bog body barely misses you. The bog body completely misses you.
You closely miss the bog body.
The bog body is severely damaged.
The bog body touches you!
* * * LOW HITPOINT WARNING * * *
The bog body freezes you!!
* * * LOW HITPOINT WARNING * * *
A demonic guardian appears!
You barely miss the bog body.
The bog body is severely damaged.
The bog body gestures at you while chanting.
The bolt of cold misses you.
Your rust devil hits the bog body.
Your rust devil corrodes the bog body!
The bog body completely misses you.
Casting: Necrotise (safe; 1% risk of failure)
Confirm with . or Enter, or press ? or * to list all spells.
You can't see any susceptible monsters within range! (Use Z to cast anyway.)
You hit the bog body. You punch the bog body.
The bog body is severely damaged.
Your rust devil hits the bog body.
The bog body seems to be corroded for longer.
The bog body touches you!
* * * LOW HITPOINT WARNING * * *
The bog body freezes you!!
You die...
Kikubaaqudgha rasps: "You have failed me!
Welcome... death!"

######## #..#.#.# ......#♣ ..####
......♣ .....### ###
..♣♣♣♣♣♣♣♣♣♣♣♣♣♣♣♣♣...#######.###
.♣♣§§§§~≈.~~♣~~~~~♣♣♣......#.....
.♣ §>.§..♣...♣.n@....†..........#
.♣ ♣.......4.....⌠...#.'..... .♣
≈w§~≈♣~.~≈♣♣~.≈♣♣♣...###.....+ .♣
♣♣♣♣ ♣♣♣♣♣♣♣♣♣♣♣.....# ##.<..#
.##♣#♣ ......### ##'### ...#.#♣
##.#### ##..### #.....# ##
##.'###P ####.## ##....... #...##
####........


You could see a bog body (corroded, ally target) and a friendly rust devil
(summoned).

Vanquished Creatures
  Erica (D:8)
  2 death yaks
  Pikel (D:8)
  4 black mambas
  3 cane toads (Lair:3)
  2 rime drakes
  2 komodo dragons (Lair:2)
  A queen bee (Lair:3)
  Prince Ribbit (D:6)
  10 blink frogs
  2 wyverns
  26 yaks
  A basilisk (Lair:2)
  9 water moccasins
  2 sky beasts
  A black bear (Lair:3)
  4 ice beasts
  3 ogres
  8 wolves
  3 centaurs
  A lemure (D:8)
  4 bullfrogs
  2 scorpions
  19 killer bees
  A howler monkey (D:8)
  An electric eel (Lair:3)
  5 human zombies (Ossuary)
  4 orc priests
  A bombardier beetle (D:4)
  3 hounds
  2 gnoll boudas
  A jelly (D:5)
  6 iguanas
  A sleepcap (D:6)
  3 orc wizards
  2 crocodile zombies (Ossuary)
  5 spectral hounds (Ossuary)
  A scorpion simulacrum (Ossuary)
  3 mummies (Ossuary)
  Robin (D:3)
  13 gnolls
  5 adders
  5 hound simulacra (Ossuary)
  4 white imps
  2 ufetubi (D:6)
  A spectral gnoll (Ossuary)
  21 orcs
  7 ball pythons
  9 endoplasms
  4 giant cockroaches
  4 gnoll zombies (Ossuary)
  15 goblins
  11 hobgoblins
  4 jackals (D:2)
  4 quokkas
  9 bats
  3 frilled lizards
  A gnoll simulacrum (Ossuary)
  3 jackal simulacra (Ossuary)
  10 kobolds
  4 kobold zombies (Ossuary)
  7 orc zombies (Ossuary)
  9 rats
  4 spectral jackals (Ossuary)
311 creatures vanquished.

Vanquished Creatures (collateral kills)
  A death yak (Lair:2)
  2 skysharks
  A meliai (Lair:2)
  3 cane toads
  2 rime drakes
  A komodo dragon (Lair:2)
  A polar bear (D:7)
  A dream sheep (Lair:3)
  2 blink frogs (Lair:2)
  2 yaks (Lair:2)
  A centaur (D:7)
  2 wolves (Lair:3)
  3 bullfrogs
  A scorpion (D:7)
  9 killer bees
  2 human zombies (Ossuary)
  An orc wizard (D:7)
  An orc (D:7)
  A gnoll zombie (Ossuary)
  3 goblins
  A frilled lizard (D:1)
  A kobold (D:3)
42 creatures vanquished.

Vanquished Creatures (others)
  2 cane toad zombies (Lair:3)
  A rime drake zombie (Lair:3)
  A komodo dragon zombie (Lair:2)
4 creatures vanquished.

Grand Total: 357 creatures vanquished

Notes
Turn   | Place    | Note
-------+----------+-------------------------------------------
     0 | D:1      | PaiMei the Demonspawn Necromancer began the quest for the
                  | Orb.
     0 | D:1      | Reached XP level 1. HP: 13/13 MP: 3/3
   359 | D:1      | Found a faded altar of an unknown god.
   490 | D:1      | Gained mutation: You are surrounded by a mild repulsion
                  | field. (EV +2) [demonic ancestry]
   490 | D:1      | Reached XP level 2. HP: 19/19 MP: 1/5
  1415 | D:2      | Reached XP level 3. HP: 24/24 MP: 3/6
  2424 | D:2      | Reached XP level 4. HP: 30/30 MP: 4/7
  2798 | D:2      | Reached skill level 5 in Necromancy
  3161 | D:3      | Noticed Sigmund
  3303 | D:3      | Found a radiant altar of Vehumet.
  3451 | D:3      | Noticed Robin
  3490 | D:3      | Killed Robin
  3708 | D:3      | Learned a level 3 spell: Vampiric Draining
  3713 | D:3      | Learned a level 4 spell: Animate Dead
  3836 | D:4      | Gained mutation: A weak demonic guardian rushes to your
                  | aid. [demonic ancestry]
  3836 | D:4      | Reached XP level 5. HP: 35/35 MP: 5/9
  4673 | D:4      | Gained mutation: You are surrounded by a moderate repulsion
                  | field. (EV +3) [demonic ancestry]
  4673 | D:4      | Reached XP level 6. HP: 39/41 MP: 3/11
  4888 | D:4      | Found an iron altar of Okawaru.
  5016 | D:5      | Entered Level 5 of the Dungeon
  5080 | D:5      | Identified the +2 leather armour of Neoxt {rF- Will+++
                  | rCorr Stlth+}
  5983 | D:5      | Reached skill level 6 in Necromancy
  5983 | D:5      | Gained mutation: You regenerate magic rapidly. [demonic
                  | ancestry]
  5983 | D:5      | Reached XP level 7. HP: 46/46 MP: 1/12
  6053 | D:5      | Noticed a yak
  6053 | D:5      | Noticed a yak
  6053 | D:5      | Noticed a yak
  6053 | D:5      | Noticed a yak
  6053 | D:5      | Noticed a yak
  6053 | D:5      | Noticed a yak
  6141 | D:5      | Killed a yak
  6142 | D:5      | Reached skill level 1 in Fighting
  6396 | D:5      | Killed a yak
  6856 | D:4      | Killed a yak
  7107 | D:4      | Killed a yak
  7108 | D:4      | Gained mutation: A demonic guardian rushes to your aid.
                  | [demonic ancestry]
  7108 | D:4      | Reached XP level 8. HP: 53/57 MP: 2/15
  7369 | D:4      | Reached skill level 5 in Spellcasting
  7369 | D:4      | Reached skill level 7 in Necromancy
  7535 | D:5      | Reached skill level 5 in Dodging
  7983 | D:6      | Noticed Prince Ribbit
  7998 | D:6      | Killed Prince Ribbit
  8152 | D:6      | Found a sand-covered staircase.
  8177 | Ossuary  | Entered an ossuary
  8811 | Ossuary  | Reached XP level 9. HP: 51/65 MP: 17/17
  9278 | Ossuary  | Reached skill level 8 in Necromancy
  9982 | D:6      | Identified the maw talisman "Sibbored" {+Blink rF+ Int+3
                  | Stlth-}
  9994 | D:6      | Learned a level 5 spell: Curse of Agony
 10044 | D:6      | Reached skill level 5 in Fighting
 10622 | D:7      | Found a staircase to the Ecumenical Temple.
 11331 | Temple   | Entered the Ecumenical Temple
 11340 | Temple   | Became a worshipper of Kikubaaqudgha
 11379 | D:8      | Reached skill level 9 in Necromancy
 11634 | D:8      | Noticed a rime drake
 11635 | D:8      | Noticed a polar bear
 11654 | D:7      | Killed a polar bear
 11966 | D:8      | Killed a rime drake
 11967 | D:8      | Gained mutation: You are surrounded by a strong repulsion
                  | field. (EV +4, RMsl) [demonic ancestry]
 11967 | D:8      | Reached XP level 10. HP: 37/76 MP: 11/20
 11977 | D:8      | Noticed Erica
 12511 | D:8      | Noticed Pikel
 12535 | D:8      | Killed Pikel
 12806 | D:8      | Found a staircase to the Lair.
 12994 | D:8      | Killed Erica
 13438 | D:8      | Found Soyts's General Store.
 13485 | D:8      | Bought a potion of curing for 39 gold pieces
 13839 | Lair:1   | Entered Level 1 of the Lair of Beasts
 13938 | Lair:1   | Reached skill level 10 in Necromancy
 14647 | Lair:1   | Reached XP level 11. HP: 85/85 MP: 14/23
 15189 | Lair:1   | Noticed a death yak
 15233 | Lair:1   | Noticed a death yak
 15233 | Lair:1   | Noticed a death yak
 15310 | Lair:1   | Killed a death yak
 15926 | Lair:2   | Noticed a skyshark
 15938 | Lair:2   | Killed a skyshark
 16214 | Lair:2   | Found a gate leading to a gauntlet.
 16234 | Gauntlet | Entered a Gauntlet
 16234 | Gauntlet | Found a transporter.
 16243 | Gauntlet | Found a transporter.
 16246 | Gauntlet | Found a transporter.
 16247 | Gauntlet | Found a transporter.
 16255 | Gauntlet | Found a transporter.
 16258 | Gauntlet | Found a transporter.
 16259 | Gauntlet | Found a transporter.
 16266 | Gauntlet | Noticed a hell hog
 16268 | Gauntlet | Found a transporter.
 16271 | Gauntlet | Found a transporter.
 16272 | Gauntlet | Found a transporter.
 16276 | Gauntlet | Found a runed translucent door.
 16278 | Gauntlet | Found a runed translucent door.
 16278 | Gauntlet | Noticed a dire elephant
 16280 | Gauntlet | Found a transporter.
 16283 | Gauntlet | Found a transporter.
 16284 | Gauntlet | Found a transporter.
 16289 | Gauntlet | Noticed a catoblepas
 16295 | Gauntlet | Found a transporter.
 16615 | Lair:2   | Reached skill level 11 in Necromancy
 16712 | Lair:2   | Reached * piety under Kikubaaqudgha
 16712 | Lair:2   | Received a gift from Kikubaaqudgha
 17257 | Lair:2   | Found a hole to the Spider Nest.
 17693 | Lair:3   | Gained mutation: When hurt, damage is shared between your
                  | health and your magic reserves. [demonic ancestry]
 17693 | Lair:3   | Reached XP level 12. HP: 44/95 MP: 10/25
 18199 | Lair:3   | Reached skill level 12 in Necromancy
 18367 | Lair:3   | Reached ** piety under Kikubaaqudgha
 19256 | Lair:3   | Reached skill level 10 in Spellcasting
 19550 | Lair:3   | Reached skill level 10 in Fighting
 19816 | Lair:3   | Noticed a death yak
 19816 | Lair:3   | Noticed a death yak
 19816 | Lair:3   | Noticed a death yak
 19816 | Lair:3   | Noticed a death yak
 19816 | Lair:3   | Noticed a death yak
 19848 | Lair:2   | Killed a death yak
 19849 | Lair:2   | Reached skill level 10 in Dodging
 20107 | Lair:2   | Killed a death yak
 20690 | Lair:3   | Found a staircase to the Swamp.
 20711 | Lair:3   | Mangled by a bog body

Illustrated notes

Levels and vault maps discovered:
D:1:      roderic_lyre, layout_loops_ring, ebering_ecumenical_altar_sacrificial,
          serial_rivers, chequers_serial_rivers_small_a,
          chequers_serial_rivers_micro_b, chequers_serial_rivers_marsh,
          chequers_serial_rivers_marsh, chequers_serial_rivers_small_a
D:2:      layout_rooms, kennysheep_crisscross, kennysheep_generic_room_10
D:3:      layout_rooms, mainiacjoe_overflow_six_doors_small,
          minmay_misc_feat_doors, minmay_misc_feat_alley, uniq_robin,
          uniq_sigmund
D:4:      layout_gridville, okawaru_trees_2
D:5:      layout_cave_pods
D:6:      layout_basic, nicolae_ossuary_entry_plus, hangedman_decor_growths,
          st_stairs_5, uniq_prince_ribbit1
D:7:      layout_cave_pools, minmay_temple_entry_overgrown, serial_glass,
          glass_columns_c, glass_columns_b
D:8:      layout_cave_pools, elyvilon_altar_5, zin_statuary,
          hellmonk_lair_entry_icy, serial_shops, nicolae_lakefront_shop,
          uniq_pikel, uniq_erica
Temple:   minmay_temple_curvy_branch
Lair:1:   layout_roguey, grunt_megastairs_4, serial_bayou_shore_b,
          lemuel_fruit_tree
Lair:2:   layout_hall_layers, hellmonk_spider_entry_not_the_bees,
          gauntlet_entry_generic, beast_lair_carwin_8
Lair:3:   layout_roguey [special_room_bee], nicolae_swamp_entry_splash_gauntlet,
          guppyfry_lair_drakes

Skill      XL: |  1  2  3  4  5  6  7  8  9 10 11 12 |
---------------+-------------------------------------+-----
Stealth        | 2 3 4 |  4.0
Dodging        | 2 3 4 5 6 8 9 10 | 10.1
Necromancy     | 5 6 7 9 10 11 12 | 12.6
Spellcasting   | 3 4 5 6 8 9 10 | 10.2
Fighting       | 2 4 6 7 9 10 | 10.2

Action                     |  1- 3 |  4- 6 |  7- 9 | 10-12 || total
---------------------------+-------+-------+-------+-------++-------
  Melee: Unarmed           |     4 |       |       |       ||     4
         Club              |    16 |       |       |       ||    16
         Dagger            |     7 |    30 |   491 |    20 ||   548
         Punch             |       |     1 |    10 |     7 ||    18
         Scimitar          |       |       |       |   215 ||   215
   Cast: Necrotise         |    66 |   127 |    63 |   107 ||   363
         Vampiric Draining |       |     8 |    85 |   193 ||   286
         Curse of Agony    |       |       |     1 |    12 ||    13
         Animate Dead      |       |       |     1 |     5 ||     6
   Stab: Sleeping          |       |       |     3 |     1 ||     4
 Armour: Robe              |    28 |    15 |       |       ||    43
         Leather armour    |       |     9 |   185 |   225 ||   419
  Dodge: Dodged            |    55 |    46 |   353 |   751 ||  1205
         Repelled          |       |       |       |     2 ||     2
         Form:             |       |       |       |     1 ||     1
         Maw               |       |       |       |     1 ||     1
